[Event "Lliga Catalana DH 2023"]
[Site "Catalonia"]
[Date "2023.02.11"]
[Round "4.1"]
[White "Demidov, Mikhail"]
[Black "Magem Badals, Jordi"]
[Result "1-0"]
[ECO "A30"]
[WhiteElo "2575"]
[BlackElo "2510"]
[Annotator "TA"]
[PlyCount "87"]
[EventDate "2023.01.24"]
[EventType "team-tourn"]
[EventCountry "ESP"]
[SourceTitle "playchess.com"]
[Source "ChessBase"]
[SourceQuality "1"]
[TimeControl "40/5400+30:1800+30"]

1. c4 c5 2. Nf3 Nf6 3. e3 g6 4. b3 Bg7 5. Bb2 O-O 6. Be2 b6 7. d4 cxd4 8. Nxd4 d5 9. O-O Bb7 10. cxd5 {[%emt 0:05:22] A30: Symmetrical English: Double Fianchetto and Hedgehog.} Nxd5 {[%emt 0:03:00] [#]} 11. Qd2 $146 ({Predecessor:} 11. Nc3 Nxc3 12. Bxc3 Nd7 13. Bf3 Qc8 14. Rc1 Nc5 15. Bb4 Rd8 16. Bxc5 bxc5 17. Bxb7 Qxb7 {½-½ Kryakvin,D (2588)-Sjugirov,S (2663) RUS-ch rapid GP final 2018 (3)}) 11... e5 12. Nf3 {[%emt 0:02:32] The position is equal.} e4 13. Bxg7 Kxg7 14. Nd4 Nd7 15. Nc3 N7f6 16. Rac1 Rc8 17. h3 Qe7 18. Bc4 Nxc3 19. Rxc3 h5 20. Rfc1 a6 21. a4 Rc7 22. Qb2 Rfc8 23. b4 Kg8 24. Qb3 (24. b5 $14 axb5 25. Bxb5 (25. axb5 Qd6 $11)) 24... Kg7 25. Qb2 Kg8 26. b5 axb5 27. Nxb5 Rc5 28. Na7 $36 {[%emt 0:02:24][%mdl 2112] Discovered Attack. Keeping Black busy.} R8c7 {[%emt 0:00:01] [#]} 29. Qxb6 {[%emt 0:02:09] White is more active.} (29. a5 $1 $16 bxa5 30. Bxf7+ Kxf7 31. Rxc5 Rxc5 32. Rxc5 Qxc5 33. Qxb7+ Kf8 34. Nb5 (34. Nc6 h4 $14)) 29... Bd5 $2 {[%emt 0:00:27] A mistake that costs the game.} (29... Nd5 $1 $11 {and Black stays safe.} 30. Bxd5 {[%mdl 64] Pin} Rxc3 31. Rxc3 (31. Qxg6+ Kf8 $14) 31... Rxc3 32. Qxg6+ (32. Qxb7 Rc1+ 33. Kh2 Qe5+ 34. g3 Qf5 $17) (32. Bxb7 $2 Rc1+ 33. Kh2 Qe5+ 34. g3 Rc2 $19) 32... Kf8 33. Qh6+ (33. Qxh5 $2 Rc1+ 34. Kh2 Qd6+ 35. g3 Qxd5 $19) 33... Kg8 34. Bxb7 (34. Qxh5 $2 Rc1+ 35. Kh2 Qd6+ 36. g3 Qxd5 $19) (34. Qg6+ Kf8 $14) 34... Rc1+ 35. Kh2 Qe5+ 36. Qf4 Qxf4+ 37. exf4 Rc7) 30. Nb5 $18 R7c6 31. Qa7 Qxa7 32. Nxa7 Rc7 (32... Rd6 $142 33. Nb5 Rd8 34. Bxd5 Rcxd5) 33. Nb5 Rb7 34. Bf1 Rxc3 35. Rxc3 ({But not} 35. Nxc3 $6 Ra7 36. Nxd5 Nxd5 $18) 35... Rb8 36. a5 {[%emt 0:01:10] a6 would be deadly.} Ra8 37. Ra3 Bb7 38. Bc4 Kf8 {[%emt 0:00:20] [#]} (38... Ne8 $142 39. Nd4 Nc7) 39. Bxf7 $1 {[%emt 0:00:50][%mdl 576] Decoy} Ba6 (39... Kxf7 40. Nd6+) 40. Bc4 {[%emt 0:00:41] Nc7 is the strong threat.} ({And not} 40. Bxg6 Bxb5 41. f3 Ke7 $15) 40... Rc8 {[%emt 0:00:28] Dodges Nc7} 41. Nd6 {[%emt 0:30:15][%csl LRa6,LRc8][%mdl 64] Discovered Attack} Rc6 42. Bxa6 Rxa6 43. Nc4 Nd5 44. Nd2 {[%emt 0:00:21] Weighted Error Value: White=0.11 (very precise) /Black=0.24 (precise)} 1-0

[Event "Lliga Catalana DH 2023"]
[Site "Catalonia"]
[Date "2023.02.11"]
[Round "4.2"]
[White "Zwardon, Vojtech"]
[Black "Peralta, Fernando"]
[Result "0-1"]
[ECO "A18"]
[WhiteElo "2489"]
[BlackElo "2596"]
[Annotator "TA"]
[PlyCount "74"]
[EventDate "2023.01.24"]
[EventType "team-tourn"]
[EventCountry "ESP"]
[SourceTitle "playchess.com"]
[Source "ChessBase"]
[SourceQuality "1"]
[TimeControl "40/5400+30:1800+30"]

1. c4 Nf6 2. Nc3 e6 3. e4 d5 4. e5 d4 5. exf6 dxc3 6. bxc3 Qxf6 7. Nf3 b6 8. d4 Bb7 9. Bd3 h6 $1 {Against Bg5 9...h6 is better than 9...Bxf3. A18: English Opening: Flohr-Mikenas System (1 c4 Nf6 2 Nc3 e6 3 e4).} (9... Bxf3 {simplifies} 10. Qxf3 Qxf3 11. gxf3 f5) 10. Ne5 (10. O-O {simplifies} Bxf3 11. gxf3 Nd7 12. Qe2) 10... Bd6 11. Qa4+ Ke7 {Black is slightly better.} 12. Ng4 Qh4 13. Ne3 Nd7 {[#]} 14. Qc2 $146 ({Predecessor:} 14. c5 Nxc5 15. Qc2 Nxd3+ 16. Qxd3 Qe4 17. Qxe4 Bxe4 18. Nc4 Bxg2 19. Rg1 Be4 20. Nxd6 cxd6 {0-1 Fischer,R (2130)-Moe,W Chicago op 1997 (2)}) 14... Rhe8 (14... Bxh2 $2 15. Nf1 $18) 15. g3 Qh3 16. Be4 (16. Bf1 $1 $11 Qh5 17. Be2) 16... Bxe4 $15 17. Qxe4 Kf8 18. a4 (18. Qg2 $15 Qxg2 19. Nxg2) 18... e5 $17 19. Qh7 $2 {Loses the game.} (19. d5 $17 {is a better defense.}) 19... exd4 $19 20. cxd4 {[#]} Nf6 $1 {[%cal Bd7f6,Bf6g8,Bg8e7][%mdl 32] Active counter play!} (20... Bb4+ 21. Bd2 Bxd2+ 22. Kxd2 $15) 21. Qh8+ Ng8 22. Bd2 $2 (22. Qh7 Qg2 23. Rf1) 22... f5 23. c5 bxc5 24. dxc5 Be5 25. O-O-O Kf7 26. Qh7 Ne7 {aiming for ...Rh8.} 27. Nc4 Bf6 {[#] ...Qg4 is the strong threat.} 28. Rhe1 Qg4 (28... Qxh2 $2 {is the wrong capture.} 29. Ne5+ Bxe5 30. Rxe5 Qxf2 31. Bxh6 (31. Rde1 $2 Qd4 $19) 31... Qxg3 32. Re3 $19) 29. Bf4 {Rd7 would be deadly.} Rh8 30. Qxh8 ({Inferior is} 30. Rxe7+ Kxe7 31. Re1+ Kd7 $19) (30. f3 Qxf4+ 31. gxf4 Rxh7 32. Rd7) 30... Rxh8 {Black is clearly winning.} 31. Rd7 Re8 32. Rxc7 Kf8 {And now ...Qf3 would win.} 33. Nd6 Rb8 {Hoping for ...g5.} 34. Nb5 a6 35. Rd7 axb5 36. Bxb8 Qc4+ 37. Kd1 Qb3+ {An entertaining game by Peralta.   Weighted Error Value: White=0.93/Black=0.37} 0-1

[Event "Lliga Catalana DH 2023"]
[Site "Catalonia"]
[Date "2023.02.11"]
[Round "4.2"]
[White "Diaz Camallonga, Carles"]
[Black "Gutenev, Alexander"]
[Result "1-0"]
[ECO "D77"]
[WhiteElo "2472"]
[BlackElo "2455"]
[Annotator "TA"]
[PlyCount "141"]
[EventDate "2023.01.24"]
[EventType "team-tourn"]
[EventCountry "ESP"]
[SourceTitle "playchess.com"]
[Source "ChessBase"]
[SourceQuality "1"]
[TimeControl "40/5400+30:1800+30"]

1. d4 Nf6 2. Nf3 g6 3. g3 Bg7 4. Bg2 O-O 5. O-O d5 6. c4 dxc4 7. Na3 c3 {[%emt 0:00:15] 7...c5 injects fresh life into this line.} 8. bxc3 c5 9. Re1 {[%emt 0:00:10] D77: Fianchetto Grünfeld: 6 0-0: Replies other than 6...c6.} Bf5 10. Bb2 (10. Ne5 {with more complications.} Ne4 11. Bb2 h5 12. h3) 10... Nc6 11. d5 {[%emt 0:18:24] White is slightly better.} Na5 12. c4 Be4 13. Bh3 {[%emt 0:10:17] Wards off e6} Bxf3 14. exf3 {[%emt 0:00:05] [#]} b5 $146 {[%emt 0:00:49][%mdl 64] Deflection} ({Predecessor:} 14... Ne8 15. Bxg7 Nxg7 16. Re5 b6 17. Qe2 Re8 18. Re1 Kf8 19. Qe3 Nb7 20. Qh6 f6 21. Qxh7 e6 {1-0 Meier,G (2621)-Ter Sahakyan,S (2640) PNWCC Online blitz JP 12th 2020 (11)}) 15. cxb5 (15. Nxb5 $6 Nxc4 16. Bxf6 Bxf6 $15) 15... Nxd5 {[%emt 0:00:32] Black is weak on the light squares} 16. Bxg7 Kxg7 17. Rc1 $1 Qd6 18. Qa4 (18. Qd2 $16 Nb4 19. Qe3 (19. Qc3+ Qd4 $14)) 18... Qc7 19. Nc4 {[%emt 0:02:06] White is more active.} Nxc4 20. Qxc4 e6 21. Qxc5 (21. f4 {is more complex.} Rfd8 22. Qxc5 Qa5 23. Qd4+) 21... Qxc5 22. Rxc5 a6 23. a4 $36 {[%emt 0:01:17][%cal Ba2a4,Ba4b5,Bb5b6,Bb6b7][%mdl 2080] White has good play.} axb5 24. axb5 g5 (24... Ra3 $142) 25. Rb1 Rfb8 {[%emt 0:02:23] [#]} (25... Kf6 $142) 26. f4 $1 gxf4 27. Bg2 fxg3 28. hxg3 Rd8 29. b6 {[%emt 0:01:39] Strongly threatening b7.} Rab8 (29... Rd7 {was necessary.} 30. Kf1 Kf6 31. Bxd5 exd5 32. Rc6+ Ke5) 30. Bxd5 $1 $18 (30. b7 Rd7 $11) 30... exd5 {[%emt 0:00:43][%mdl 4096] Endgame KRR-KRR} 31. Rc7 $1 (31. b7 Rd7 $14) 31... Kf6 32. b7 {[%emt 0:00:47] Prevents Rbc8} Re8 33. Rb3 d4 (33... Kg6 $142 34. Rb6+ f6) 34. Rf3+ Ke5 (34... Kg6 $142 35. Rfxf7 Rbd8 36. Rg7+ (36. Rxh7 d3 $18) 36... Kf5) 35. Rfxf7 d3 36. Rfd7 (36. Rxh7 d2 37. Rcd7 (37. Rhd7 $2 Red8 $19) 37... Red8 38. Rhe7+ Kf5 39. Rf7+ Ke5 40. Rfe7+ Kf5 41. Rf7+ Ke5 42. Rfe7+ $11) 36... Ke4 37. Kg2 (37. Rxh7 d2 38. Rcd7 (38. Rhd7 Red8 $16) 38... Red8 39. Rh4+ Kf3 40. Rf4+ Ke2 41. Re4+ Kf3 42. Re3+ Kg4 $16) 37... h5 38. Rc4+ Kf5 39. Rcd4 (39. Rxd3 Rxb7 40. Rf4+ Kg5 41. Rd5+ Kg6 42. Rd6+ Kg7 $18) 39... Re2 40. Rxd3 {[%emt 0:00:17] R3d5+ is the strong threat.} Rb2 41. R3d5+ Ke6 42. R5d6+ Ke5 43. Rd3 $2 ({Don't play} 43. Rd5+ Ke6 44. R5d6+ Ke5) ({White should play} 43. Kh3 $18) 43... h4 $2 (43... Kf5 $1 $11) 44. gxh4 R8xb7 45. Rxb7 Rxb7 {[%emt 0:00:03] KR-KR} 46. Rf3 Rh7 47. Kh3 {[%emt 0:00:14] Rf8 would be deadly.} Rh8 {[%emt 0:00:04] Prevents Rf8} 48. Rf7 Ke6 49. Rf4 Ke5 50. Rf3 Ke6 51. Rf4 Ke5 52. Kg3 {[%emt 0:00:04] White now steadily converts the win.} Rg8+ 53. Rg4 Rh8 54. Rg5+ Kf6 55. Kg4 Ra8 56. h5 {[%emt 0:01:08][%cal Bh4h5,Bh5h6][%mdl 32] White wants to mate with h6.} Ra4+ (56... Ra1 $16 {was worth a try.} 57. Rg6+ Kf7) 57. f4 {[%emt 0:00:04][%cal Bf2f4,Bf4f5,Bf5f6,Bf6f7][%mdl 32] White threatens h6 and mate.} Ra1 58. Rg6+ Kf7 59. Rd6 Kg7 60. h6+ $1 Kh7 61. f5 Rg1+ 62. Kf4 Rf1+ 63. Kg5 Rg1+ {[%emt 0:00:37] [#]} 64. Kf6 $1 {[%emt 0:00:21] Threatening mate with Ke7.} Kxh6 $2 (64... Rf1 $18 65. Rd8 Rb1) 65. Ke7+ {[%emt 0:00:17] White mates.} Kh7 {[%emt 0:00:24] [#]} 66. f6 $1 Rf1 67. Rd2 Re1+ 68. Kf8 Ra1 69. f7 Rh1 70. Re2 Ra1 71. Rh2+ {[%emt 0:00:04] Weighted Error Value: White=0.26 (precise) /Black=0.29 (precise)} 1-0

[Event "Lliga Catalana DH 2023"]
[Site "Catalonia"]
[Date "2023.02.11"]
[Round "4.3"]
[White "Gonzalez Garcia, Jose"]
[Black "Munoz, Miguel"]
[Result "0-1"]
[ECO "A63"]
[WhiteElo "2450"]
[BlackElo "2356"]
[Annotator "TA"]
[PlyCount "104"]
[EventDate "2023.01.24"]
[EventType "team-tourn"]
[EventCountry "ESP"]
[SourceTitle "playchess.com"]
[Source "ChessBase"]
[SourceQuality "1"]
[TimeControl "40/5400+30:1800+30"]

1. d4 Nf6 2. c4 c5 3. d5 d6 4. Nc3 g6 5. Nf3 Bg7 6. g3 O-O 7. Bg2 e6 8. O-O exd5 9. cxd5 Nbd7 10. a4 a6 11. Nd2 Ne8 12. Nc4 {A63: Modern Benoni: Fianchetto Variation: 9...Nbd7.} Ne5 13. Nxe5 Bxe5 14. Bh6 {[#] White is slightly better.} Bg7 $146 ({Predecessor:} 14... Ng7 15. Qd2 Re8 16. Bf4 Bxf4 17. Qxf4 Rb8 18. Rfb1 Bf5 19. e4 g5 20. Qd2 Bg6 {1-0 Matveeva,S (2478)-Kovalevskaya,E (2443) North Urals Cup (Women) 1st 2003 (7)}) 15. Bxg7 Kxg7 16. e4 f5 17. f4 fxe4 18. Nxe4 Bf5 19. Ng5 Qf6 20. Qb3 (20. g4 $5 Bc8 21. Qf3 $14) 20... Rb8 (20... Kg8 $14) 21. Ne6+ $16 Bxe6 22. dxe6 Nc7 23. Rad1 (23. Bxb7 Nxe6 24. Qd5 Nd4 $15) 23... Rfd8 (23... Qxe6 $16 {was worth a try.} 24. Qc3+ Qf6) 24. Rfe1 (24. Bxb7 d5 $11) (24. Bh3 $18) 24... b5 25. Bc6 (25. e7 $6 Rd7 $11) (25. a5 $1 $16) 25... bxa4 $14 26. Qc3 Nb5 (26... Rxb2 $2 27. e7 Rh8 28. Qxf6+ (28. e8=Q Nxe8 29. Qa3 Nc7 $14) 28... Kxf6 29. Rxd6+ (29. e8=B Nb5 $16) (29. e8=Q Nxe8 30. Bxe8 Rb6 $18) 29... Kg7 30. e8=Q Nxe8 31. Bxe8 $18) (26... Qxc3 $14 27. bxc3 a3) 27. Qxf6+ $16 Kxf6 28. e7 Re8 29. Bxe8 Rxe8 {[%mdl 4096] Endgame KRR-KRN} 30. Re4 (30. Kf2 $142) 30... Rxe7 (30... Nd4 $142) 31. Rxa4 Re2 32. Rxa6 Kf5 {[#]} 33. b4 $1 Kg4 (33... Nc3 $142 34. Rdxd6 cxb4) (33... Nd4 34. bxc5) 34. bxc5 dxc5 35. Rd7 (35. Rd5 $16) 35... c4 (35... Nd4 $1 $14) 36. Rxh7 (36. f5 $1 $16 Kf3 37. Ra1 (37. fxg6 $2 Re1#) 37... Rg2+ 38. Kh1 gxf5 39. Rb7 (39. Rxh7 c3 $11)) 36... c3 $1 $11 37. Kf1 Kf3 {Strongly threatening ...Rd2.} 38. g4 {Rh3+ would be deadly.} (38. Rxg6 Nd4) 38... c2 39. Rh3+ (39. Rxg6 $2 c1=Q#) 39... Kxf4 40. Ra4+ $2 (40. Ra1 $11 {and White has nothing to worry.} Nd4 41. Rd3 {[%mdl 64] Decoy}) 40... Re4 $19 41. Ra1 {[%cal Og4g5] [#]} Rb4 $1 {( -> ...Rb1+)} ({Weaker is} 41... Kxg4 42. Rg3+ Kf5 43. Rf3+ Kg5 44. Rg3+ Kh6 45. Rh3+ Kg5 46. Rg3+ Kf6 47. Rf3+ Kg5 48. Rg3+ $11) ({Not} 41... Rc4 42. Rc1 $11) 42. Kg2 Rb1 $1 ({And not} 42... Kxg4 43. Rg3+ Kf5 44. Rf1+ Rf4 45. Re1 $11) 43. Rf3+ Kxg4 44. h3+ $2 (44. Ra4+ $19 Kh5 45. Rc4) 44... Kh4 (44... Kh5 $142 45. Rf1 Nc3 46. Rh1 Rxh1 47. Kxh1 Ne2 48. Re1 c1=Q 49. Rxc1 Nxc1 50. Kg1 g5 51. Kh1 Kh4 52. Kh2 Nd3 53. Kg2 Nf4+ 54. Kg1 Kxh3 55. Kf2 g4 56. Ke3 Nh5 57. Ke2 g3 58. Kf3 g2 59. Kf2 Kh2 60. Ke2 g1=Q 61. Kd2 Qc5 62. Ke2 Kg3 63. Kd2 Kf3 64. Kd3 Nf4+ 65. Kd2 Ne2 66. Ke1 Qc1#) 45. Rf4+ Kh5 46. Rf1 {[#]} Nc3 $1 {Black mates.} 47. Rc1 Rxa1 48. Rxa1 {[#]} Na2 $1 {[%mdl 576] Deflection, Promotion} 49. Rxa2 c1=Q (49... c1=B $2 50. Kg3 $18) 50. Re2 Qc6+ 51. Kg3 Qd6+ 52. Kg2 Qd5+ {Never resign too early!   Weighted Error Value: White=0.58/Black=0.32} 0-1

[Event "Lliga Catalana DH 2023"]
[Site "Catalonia"]
[Date "2023.02.11"]
[Round "4.4"]
[White "Moskalenko, Viktor"]
[Black "Vidarte Morales, Arturo"]
[Result "1/2-1/2"]
[ECO "D31"]
[WhiteElo "2448"]
[BlackElo "2276"]
[Annotator "TA"]
[PlyCount "93"]
[EventDate "2023.01.24"]
[EventType "team-tourn"]
[EventCountry "ESP"]
[SourceTitle "playchess.com"]
[Source "ChessBase"]
[SourceQuality "1"]
[TimeControl "40/5400+30:1800+30"]

1. d4 d5 2. c4 e6 3. Nc3 Be7 4. cxd5 exd5 5. Bf4 c6 6. e3 Bf5 7. Nge2 Nf6 8. Ng3 {[%emt 0:00:35] D31: Queen's Gambit Declined: Semi-Slav without ...Nf6 (+ Marshall Gambit and Noteboom) and Exchange Variation lines without ...Nf6.} Be6 9. Bd3 O-O 10. O-O {[%emt 0:01:51] White has an edge.} Nbd7 11. h3 Re8 {[%emt 0:00:43] [#]} 12. Nf5 $146 ({Predecessor:} 12. Rc1 Nf8 13. Nge2 Ng6 14. Bg3 Bd6 15. Bxd6 Qxd6 16. f3 Nh5 17. Qd2 Ng3 18. Nxg3 Qxg3 {0-1 Svidler,P (2755)-Radjabov,T (2781) EU-chT (Men) 18th 2011 (6.1)}) 12... Bxf5 13. Bxf5 Nf8 14. Qb3 Qb6 15. Qc2 Qd8 16. Rab1 Bd6 17. Bxd6 Qxd6 18. b4 g6 19. Bd3 Ne6 20. Rfc1 Rac8 21. a4 a6 22. a5 Re7 23. Na4 Kg7 24. Nc5 {[%emt 0:06:49][%cal Oc5b7] [#] Threatens to win with Nxb7!} Nxc5 (24... Rb8 $11) 25. bxc5 $14 Qe6 26. Rb6 Rcc7 27. Rcb1 h5 28. R1b3 Qd7 29. Qb2 Kh7 (29... h4 $11 {remains equal.}) 30. Qe2 Kg7 31. Qf3 {[%emt 0:01:00] White is more active.} Ne4 32. Qe2 {[%emt 0:01:42] Prevents Nd2.} Nf6 33. Qf3 Ne4 34. Qf4 Nd2 35. Rb2 Ne4 36. R6b3 Qe6 37. Bxe4 (37. h4 {looks sharper.} Qg4 38. f3 Qxf4 39. exf4 Ng3 40. Kh2) 37... Qxe4 38. Qxe4 dxe4 {[%emt 0:00:13][%mdl 4096] Endgame KRR-KRR} 39. f3 (39. h4 $1 $14 {feels stronger.}) 39... f5 (39... exf3 $11 40. gxf3 g5) 40. fxe4 fxe4 41. Rf2 Rf7 42. Rbb2 Rf6 43. h4 (43. g3 $14) 43... Rf5 44. Kh2 Kf6 {[%emt 0:02:25] The position is equal.} 45. Kg3 Ke6 46. Rb4 Kd5 47. Rfb2 {[%emt 0:00:20] Weighted Error Value: White=0.13 (very precise) /Black=0.10 (very precise)} 1/2-1/2

[Event "Lliga Catalana DH 2023"]
[Site "Catalonia"]
[Date "2023.02.11"]
[Round "4.4"]
[White "Avila Jimenez, Xavier"]
[Black "Iermito, Sebastian"]
[Result "0-1"]
[ECO "D90"]
[WhiteElo "2142"]
[BlackElo "2528"]
[Annotator "TA"]
[PlyCount "40"]
[EventDate "2023.01.24"]
[EventType "team-tourn"]
[EventCountry "ESP"]
[SourceTitle "playchess.com"]
[Source "ChessBase"]
[SourceQuality "1"]
[TimeControl "40/5400+30:1800+30"]

1. d4 Nf6 2. c4 g6 3. Nc3 d5 4. Nf3 Bg7 5. h4 dxc4 6. e4 {D90: Grünfeld: 4 Nf3 Bg7 sidelines.} O-O 7. e5 Ng4 8. h5 {[#] Black is slightly better.} c5 $1 9. hxg6 $1 ({Much weaker is} 9. Bxc4 cxd4 10. hxg6 (10. Nxd4 Nxe5 11. Bb3 Nbc6 $17) 10... hxg6 $17) 9... hxg6 10. Bxc4 (10. d5 $15) 10... cxd4 $17 11. e6 (11. Nd5 $17) 11... Bxe6 $19 (11... dxc3 12. exf7+ Rxf7 13. Qxd8+ Bf8 14. Bxf7+ Kxf7 15. Rh7+ Bg7 16. Ng5+ Kf6 17. Qxc8 Ke5 18. Qc5+ Kf6 19. Qd5 cxb2 20. Qe6#) 12. Bxe6 {[%cal Od1c2] [#]} fxe6 $146 (12... dxc3 $19 {is more deadly.} 13. Bxg4 cxb2 14. Bxb2 Bxb2) ({Predecessor:} 12... dxc3 13. Bxf7+ Kxf7 14. Ng5+ Ke8 15. Qxg4 cxb2 16. Bxb2 Bxb2 17. Rd1 Qa5+ 18. Kf1 Qf5 19. Qe2 Qxg5 20. Qxb2 Qf6 21. Qb5+ Nc6 22. f3 Rd8 23. Rc1 Rd7 {0-1 Pogosyan,G (2330)-Popov,I (2650) Voronezh op-A 18th 2014 (1)}) 13. Qe2 $17 Qd7 14. Qe4 dxc3 15. Qxg6 (15. Qxg4 $17 Qd5 16. Qxg6) 15... Rd8 $1 $19 16. Bh6 $2 (16. O-O e5 17. Ng5 (17. bxc3 $2 {too greedy.} Rf8 $19)) 16... Nxh6 (16... cxb2 $2 17. Qxg7#) 17. Rxh6 cxb2 (17... Kf8 {is a self mate.} 18. Rh7) 18. Rb1 Qd3 {Strongly threatening ...Qc3+.} 19. Qxe6+ {[#]} (19. Ng5 $19 Qxg6 20. Rxg6) 19... Kf8 20. Ng5 Bc3# {Weighted Error Value: White=0.96/Black=0.76} 0-1

[Event "Lliga Catalana DH 2023"]
[Site "Catalonia"]
[Date "2023.02.11"]
[Round "4.5"]
[White "Matnadze Bujiashvili, Ann"]
[Black "Ayas Fernandez, Antonio"]
[Result "1-0"]
[ECO "A30"]
[WhiteElo "2392"]
[BlackElo "2193"]
[Annotator "TA"]
[PlyCount "87"]
[EventDate "2023.01.24"]
[EventType "team-tourn"]
[EventCountry "ESP"]
[SourceTitle "playchess.com"]
[Source "ChessBase"]
[SourceQuality "1"]
[TimeControl "40/5400+30:1800+30"]

1. Nf3 Nf6 2. c4 e6 3. g3 b6 4. Bg2 Bb7 5. O-O Be7 6. b3 c5 7. Bb2 O-O 8. d3 d6 {outshines the older 8...d5.} 9. Nbd2 Nbd7 {[%cal Bb8d7,Bd7e5,Be5c6,Bc6d4][%mdl 32] A30: Symmetrical English: Double Fianchetto and Hedgehog.} 10. e4 Qc7 11. Qe2 Rfe8 {[#] The position is equal.} 12. Ne1 $146 ({Predecessor:} 12. Rfe1 Ng4 13. d4 cxd4 14. Nxd4 Ngf6 15. b4 Rac8 16. Rac1 Qb8 17. a3 Qa8 18. N2b3 {1-0 Arnaudov,P (2263)-Ljangov,P (2124) Sofia Piskov Memorial 1st 2009 (8)}) 12... Ne5 13. f4 Nc6 14. Nc2 e5 15. Ne3 Nd4 16. Qf2 Nd7 (16... a5 $14) 17. Rae1 f6 18. Bh3 Nf8 19. Nd5 Qd8 20. Bg4 Bc8 21. f5 {White is much more active. The black rooks are badly placed.} (21. Bxc8 {simplifies} Rxc8 22. Bxd4 cxd4 23. f5) 21... g6 {Prevents Bh5. This move loses the game for Black.} ({Black should play} 21... Nd7 $14) 22. Bd1 Kg7 23. g4 g5 24. h4 h6 (24... Nd7 {might work better.} 25. Kg2 Bb7) 25. hxg5 $18 hxg5 26. Re3 Bb7 27. Rh3 {Strongly threatening Qh2.} Bxd5 28. exd5 {Threatens to win with Qh2.} Nd7 {Black is weak on the light squares} 29. Kg2 {And now Rfh1 would win.} ({Don't play} 29. Ne4 $6 Rh8 30. Rxh8 Qxh8 $16) 29... Rh8 {[#]} 30. Rxh8 Qxh8 31. Rh1 Qg8 32. Qe3 Kf7 {[#]} 33. b4 $1 a6 (33... Rd8 34. Ne4) 34. Rh5 Rf8 (34... Bf8 $142 35. Ne4 Qg7 36. bxc5 {[%mdl 64] Remove Defender} Nxc5) 35. bxc5 bxc5 36. Ba4 Ke8 (36... Nb6 $142 37. Bc6 Nxc6) 37. Bc3 Kd8 38. Ba5+ Kc8 39. Qe1 Qg7 40. Qh1 Rf7 41. Ne4 {White threatens Rh8+ and mate.} Ne2 42. Rh8+ Nf8 43. Kf3 (43. Bd7+ $142 Kxd7 44. Qb1 Kc8 45. Qb6 {[%mdl 64] Double Attack} Nf4+ 46. Kf3 Nxd5 47. cxd5 Bd8 48. Nxd6+ Kd7 49. Qxd8#) 43... Nf4 44. Be8 {A cool game by Matnadze Bujiashvili.   Weighted Error Value: White=0.32/Black=0.65} (44. Bd7+ $142 Kxd7 45. Qb1 Kc8 46. Qb6 {[%mdl 64] Double Attack} Nxd5 47. cxd5 Bd8 48. Nxd6+ Kd7 49. Qxd8#) 1-0

[Event "Lliga Catalana DH 2023"]
[Site "Catalonia"]
[Date "2023.02.11"]
[Round "4.5"]
[White "Kozlov, Gennady"]
[Black "Perpinya Rofes, Lluis Maria"]
[Result "1-0"]
[ECO "A26"]
[WhiteElo "2384"]
[BlackElo "2261"]
[Annotator "TA"]
[PlyCount "111"]
[EventDate "2023.01.24"]
[EventType "team-tourn"]
[EventCountry "ESP"]
[SourceTitle "playchess.com"]
[Source "ChessBase"]
[SourceQuality "1"]
[TimeControl "40/5400+30:1800+30"]

1. c4 e5 2. Nc3 Nc6 3. g3 g6 4. Bg2 Bg7 5. d3 d6 6. Nf3 Nf6 7. Bg5 h6 8. Bxf6 Bxf6 9. Rb1 a5 10. a3 Bg7 11. b4 axb4 12. axb4 O-O 13. O-O Ne7 {[%emt 0:05:39] A26: English Opening vs King's Indian with ...Nc6 and d3.} 14. Nd2 {[%emt 0:07:21] [#]} e4 $1 15. Qc2 (15. Ncxe4 $2 f5 16. Nxd6 Qxd6 $19) 15... exd3 {[%emt 0:27:53] Black is slightly better.} 16. Qxd3 Ra3 17. Rb3 Rxb3 18. Nxb3 Nc6 {[%emt 0:00:28] [#]} 19. Nd5 $146 (19. b5 $5 Ne5 20. Qc2 $15) ({Predecessor:} 19. Bxc6 bxc6 20. Rd1 Bf5 21. Qd2 Qb8 22. b5 cxb5 23. Nxb5 Re8 24. N3d4 Bd7 25. Nc3 {½-½ Georgiev,V (2565)-Benjamin,J (2595) Europe-Americas 1998 (5)}) 19... Ne5 20. Qc2 c6 21. Ne3 Qb6 22. b5 Be6 23. bxc6 bxc6 24. Rd1 Rb8 25. Nd4 Ng4 26. c5 Nxe3 27. fxe3 Qxc5 28. Qxc5 dxc5 29. Nxe6 fxe6 $11 {[%emt 0:00:08][%mdl 4096] Endgame KRB-KRB} 30. Rd6 Rb6 31. Rxe6 Kf7 32. Rd6 Be5 33. Bd5+ Kg7 (33... cxd5 $2 34. Rxb6 c4 35. Kf2 $18) 34. Rd7+ Kf8 35. Bf7 g5 36. Kf2 Rb4 37. Bg6 c4 38. Rf7+ Kg8 39. Re7 Bg7 40. Rc7 c3 (40... Bf6 $11 {keeps the balance.}) 41. Rc8+ $16 Bf8 42. Rxc6 Rb3 43. Kf3 Kg7 44. Bd3 {[%emt 0:00:43] Wards off Rb5} Ra3 45. Kg4 Kf7 46. e4 Bg7 47. Rc7+ Kf8 48. Kf5 {[%emt 0:00:13] White has more active pieces.} Bd4 49. Rc4 Bg1 50. h3 (50. e5 $16 {Kf6 is the strong threat.} Ra7 51. Rxc3) 50... Be3 {[%emt 0:00:46] [#]} ({Black should try} 50... Ra5+ $14 51. Kg6 (51. e5 Rc5 $14) 51... g4 52. hxg4 (52. Rxc3 gxh3 53. e5 Rxe5 $15) 52... Rg5+ 53. Kf6 Rc5 54. Rxc5 Bxc5) 51. e5 $1 $18 Ke7 52. Rc7+ Kd8 53. Rc6 h5 $2 {[%emt 0:00:26] [#]} (53... g4 {was called for.}) 54. Kf6 $1 Ra7 $2 (54... Ra5 55. Be4 (55. Rxc3 Bd4 $16) 55... Bc5 56. Kxg5 Be7+ {[%mdl 64] Discovered Attack} 57. Kf5 (57. Kxh5 Rxe5+ 58. Kg4 Rxe4+ 59. Kf3 Kd7 $11) 57... Rc5 58. Rxc5 Bxc5) 55. Bf5 Rc7 {[%emt 0:00:10] Inhibits Rc8+.} 56. Rd6+ {[%emt 0:00:01] Weighted Error Value: White=0.05 (flawless) /Black=0.28 (precise)} 1-0